 Dungeon Crawl Stone Soup version 0.31-a0-940-gdaa99269f9 (webtiles) character file.

Game seed: 16264812930931144965

165 freelancePsychic the Sneak (level 5, 0/42 HPs)
             Began as a Demonspawn Delver on Oct 20, 2023.
             Succumbed to an adder's poison
             ... on level 5 of the Dungeon.
             The game lasted 00:07:46 (4040 turns).

freelancePsychic the Sneak (Demonspawn Delver)      Turns: 4040, Time: 00:07:47

Health: 0/42       AC:  8    Str: 11 (12) XL:     5   Next: 21%
Magic:  5/5        EV: 12    Int: 13 (15) God:
Gold:   48         SH:  0    Dex: 18 (21) Spells: 4/4 levels left

rFire   + + .        j - staff of fire
rCold   + . .        (no shield)
rNeg    . . .        v - +3 leather armour
rPois   +            (helmet restricted)
rElec   +            (no cloak)
rCorr   +            s - +0 pair of gloves
SInv    .            k - +0 pair of boots
Will    .....        (no amulet)
Stlth   +++          l - +6 ring of dexterity
HPRegen 0.27/turn    t - ring of flight
MPRegen 0.18/turn

%: no passive effects
@: lethally poisoned (0 -> -2), resistant, flying
A: magic regeneration, big brain 1, antennae 1, teleportitis 1, wild magic 1, no
potion heal 1
a: no special abilities


You were on level 5 of the Dungeon.
You visited 1 branch of the dungeon, and saw 5 of its levels.

You collected 163 gold pieces.
You spent 115 gold pieces at shops.

Inventory:

Hand Weapons
 a - a +0 short sword
Armour
 b - a +0 leather armour
 k - a +0 pair of boots (worn)
 n - a +0 tower shield
 q - a +0 helmet
 s - a +0 pair of gloves (worn)
 v - a +3 leather armour (worn)
Magical Staves
 j - a staff of fire (weapon)
Jewellery
 l - a +6 ring of dexterity (left hand)
 t - a ring of flight (right hand)
Wands
 g - a wand of digging (3)
 h - a wand of polymorph (7)
Scrolls
 c - 2 scrolls of fog
 d - a scroll of revelation
 e - a scroll of identify {unknown}
 m - 3 scrolls of noise
 r - a scroll of poison {unknown}


   Skills:
 + Level 4.2 Fighting
 - Level 3.3 Short Blades
 + Level 1.4 Staves
 - Level 1.7 Dodging
 - Level 4.5 Stealth
 + Level 1.5 Evocations


You had 4 spell levels left.
You didn't know any spells.
Your spell library was empty.

Dungeon Overview and Level Annotations

Branches:
Dungeon (5/15)
 Temple: D:4-7

Altars:
Wu Jian

Shops:
D:3 ![!

Annotations:
D:4 Blork the orc
D:5 exclusion: ice beast


Innate Abilities, Weirdness & Mutations

You regenerate magic rapidly.
You have an unusually large brain. (Int +2)
You have a pair of small antennae on your head.
You are occasionally teleported next to monsters.
Your spells are a little harder to cast, but a little more powerful.
Potions are less effective at restoring your health.


Message History

You are no longer poisoned.
The adder barely misses you. The white imp barely misses you.
The adder bites you but does no damage.
You miss the adder.
The adder is heavily wounded.
The adder barely misses you. The white imp completely misses you.
You hit the adder.
The adder is severely wounded.
The adder bites you but does no damage. The white imp gestures at you.
The puff of frost hits you!
* * * LOW HITPOINT WARNING * * *
The adder barely misses you.
As you read the scroll of teleportation {@r4}, it crumbles to dust.
You feel strangely unstable. The white imp gestures at you.
The puff of frost hits you.
* * * LOW HITPOINT WARNING * * *
The adder barely misses you.
You barely miss the adder.
The adder is severely wounded.
The adder barely misses you. The white imp gestures at you.
The puff of frost hits you but does no damage.
You barely miss the adder.
The adder is severely wounded.
The adder bites you.
* * * LOW HITPOINT WARNING * * *
The white imp closely misses you. The adder bites you.
* * * LOW HITPOINT WARNING * * *
You are lethally poisoned!
The adder poisons you!
You feel protected.
Your surroundings suddenly seem different.
A gnoll bouda and 2 gnolls come into view.
* * * LOW HITPOINT WARNING * * *
You feel sick. The gnoll barely misses you.
The gnoll shouts!
You barely miss the gnoll.
You die...

...#............... . ..
#.............. .
......#.......... .
....#...................
....#.....g.)...........
............. .........
.......gg .........
#...g# ......... #..@#
......... ........#
...#..5.. #.......#
......... ######.##
.....#.S. ## ..# #...
.... ##.#. ## #


You could see a gnoll bouda (asleep) and 3 gnolls.

Vanquished Creatures
  An orc priest (D:3)
  5 adders
  A river rat (D:5)
  A worm (D:3)
  2 dart slugs
  10 orcs
  6 ball pythons
  3 endoplasms
  4 giant cockroaches
  3 goblins
  7 hobgoblins
  4 jackals (D:1)
  4 kobolds
  6 bats
  A frilled lizard (D:1)
  3 rats
61 creatures vanquished.

Notes
Turn   | Place    | Note
-------+----------+-------------------------------------------
     0 | D:5      | freelancePsychic the Demonspawn Delver began the quest for
                  | the Orb.
     0 | D:5      | Reached XP level 1. HP: 18/18 MP: 1/1
    19 | D:5      | Noticed a water moccasin
   185 | D:4      | Gained mutation: You have an unusually large brain. (Int
                  | +2) [demonic ancestry]
   185 | D:4      | Reached XP level 2. HP: 16/24 MP: 2/2
   231 | D:3      | Found Opiojun's Distillery.
  1180 | D:1      | Reached XP level 3. HP: 29/29 MP: 3/3
  2034 | D:3      | Gained mutation: Your spells are a little harder to cast,
                  | but a little more powerful. [potion of mutation]
  2034 | D:3      | Gained mutation: Potions are less effective at restoring
                  | your health. [potion of mutation]
  2034 | D:3      | Gained mutation: You are occasionally teleported next to
                  | monsters. [potion of mutation]
  2034 | D:3      | Gained mutation: You have a pair of small antennae on your
                  | head. [potion of mutation]
  2425 | D:3      | Gained mutation: You regenerate magic rapidly. [demonic
                  | ancestry]
  2425 | D:3      | Reached XP level 4. HP: 37/37 MP: 4/4
  2442 | D:3      | Found Niss's Armour Shop.
  2447 | D:3      | Bought a +0 pair of gloves for 45 gold pieces
  2501 | D:3      | Found Kiejify's Distillery.
  2517 | D:3      | Bought a potion of berserk rage for 70 gold pieces
  2594 | D:3      | Reached skill level 1 in Evocations
  2805 | D:3      | Found a faded altar of an unknown god.
  2815 | D:3      | Reached skill level 1 in Staves
  3324 | D:4      | Reached XP level 5. HP: 32/42 MP: 5/5
  3510 | D:4      | Noticed Blork the orc
  3814 | D:5      | Noticed an ice beast
  3814 | D:5      | Found an ornate altar of the Wu Jian Council.
  3854 | D:5      | a water moccasin changed into a river rat
  3855 | D:5      | Noticed an orc warrior
  4039 | D:5      | HP: 2/42 [poisoned by an adder]
  4040 | D:5      | Succumbed to an adder's poison

Illustrated notes

Levels and vault maps discovered:
D:1:      wander_arrival_chamber, layout_basic, hangedman_abyss_or_decor_stabs,
          minmay_hexomino_p4
D:2:      layout_loops_cross, palyth_stone_intersect
D:3:      layout_loops_corners, hellmonk_ecumenical_altar_inner_sanctum,
          serial_shops, shop, shop, shop, kennysheep_nondescript,
          dk_noncrumbling_4, dk_noncrumbling_2
D:4:      layout_cave_pools, uniq_blork_the_orc
D:5:      minmay_chambers_of_threes, layout_cave_pools,
          mainiacjoe_overflow_catwalk, serial_shops, shop

Skill      XL: |  1  2  3  4 |
---------------+-------------+-----
Short Blades   | 2 3 |  3.3
Fighting       | 4 |  4.2
Evocations     | 1 |  1.5
Staves         | 1 |  1.4
Dodging        | |  1.7
Stealth        | |  4.5

Action                     |  1- 3 |  4- 6 || total
---------------------------+-------+-------++-------
  Melee: Short sword       |   161 |    30 ||   191
         Punch             |     1 |     3 ||     4
         Staff             |       |   125 ||   125
  Evoke: Wand              |       |     3 ||     3
    Use: Scroll            |     3 |     4 ||     7
         Potion            |     3 |     6 ||     9
   Stab: Sleeping          |    13 |     4 ||    17
 Armour: Leather armour    |    72 |    83 ||   155
  Dodge: Dodged            |    70 |   106 ||   176

Table legend: (Time is in decaauts)
 A = Elapsed time spent in this place.
 B = Non-inter-level travel time spent in this place.
 C = Inter-level travel time spent in this place.
 D = Time resting spent in this place.
 E = Time spent auto-exploring this place.
 F = Levels seen in this place.
 G = Mean time per level.
                   A        B        C        D        E       F      G
               +--------+--------+--------+--------+--------+-----+--------+
         Total |   4024 |   3723 |    301 |    497 |   2401 |   5 |  804.8 |
       Dungeon |   4024 |   3723 |    301 |    497 |   2401 |   5 |  804.8 |
               +--------+--------+--------+--------+--------+-----+--------+

Top non-repeatable levels by time:
     D:3: 1622 daAuts
     D:1: 1016 daAuts
     D:2: 649 daAuts
     D:4: 486 daAuts
     D:5: 249 daAuts
